 Dungeon Crawl Stone Soup version 0.29.1-2-gbd0b4ee654 (webtiles) character file.

Game seed: 6788542346490907062

659 xian the Trooper (level 7, -5/60 HPs)
             Began as a Red Draconian Abyssal Knight on Nov 16, 2022.
             Was a Priest of Lugonu.
             Slain by an ogre
             ... wielding a +0 giant club
              (16 damage)
             ... on level 5 of the Dungeon.
             The game lasted 00:10:34 (5509 turns).

xian the Trooper (Red Draconian Abyssal Knight)     Turns: 5509, Time: 00:10:35

Health: -5/60      AC: 10    Str: 17    XL:     7   Next: 30%
Magic:  10/10      EV: 13    Int: 11    God:    Lugonu [***...]
Gold:   268        SH:  0    Dex: 17    Spells: 6/6 levels left

rFire   + . .      SeeInvis .   s - +1 hand axe (vorpal)
rCold   . . .      Faith    .   (no shield)
rNeg    . . .      Spirit   .   (body armour unavailable)
rPois   .          Reflect  .   (helmet restricted)
rElec   .          Harm     .   (no cloak)
rCorr   .          Rampage  .   (no gloves)
Will    .....                   (no boots)
Stlth   ++........              (no amulet)
HPRegen 0.20/turn               k - +4 ring of protection
MPRegen 0.12/turn               n - +6 ring of dexterity

@: short of breath
A: breathe fire, AC +6, unfitting armour, fire resistance 1, cold-blooded,
antennae 1, subdued magic 1
a: Breathe Fire, Renounce Religion, Depart the Abyss, Bend Space, Banish


You were on level 5 of the Dungeon.
You worshipped Lugonu.
Lugonu was most pleased with you.
You visited 1 branch of the dungeon, and saw 6 of its levels.
You visited the Abyss 1 time.

You collected 268 gold pieces.

Inventory:

Hand Weapons
 s - a +1 vorpal hand axe (weapon)
Missiles
 c - 24 poisoned darts (quivered)
 d - 5 curare-tipped darts
 g - 33 stones
 p - 2 atropa-tipped darts
Magical Staves
 j - a staff of cold
Jewellery
 k - a +4 ring of protection (left hand)
 n - a +6 ring of dexterity (right hand)
Scrolls
 a - 2 scrolls of amnesia {unknown}
 b - 2 scrolls of immolation {unknown}
 e - 5 scrolls of identify {unknown}
 f - 5 scrolls of teleportation {unknown}
 i - a scroll of fear {unknown}
 l - a scroll of noise {unknown}
 m - 2 scrolls of enchant weapon {unknown}
 o - a scroll of vulnerability {unknown}
 q - a scroll of poison {unknown}
Potions
 h - 3 potions of brilliance
 r - a potion of berserk rage


   Skills:
 + Level 4.8 Fighting
 + Level 4.7 Axes
 + Level 1.5 Throwing
 + Level 3.8 Dodging
 + Level 1.9 Stealth
 * Level 4.1 Invocations


You had 6 spell levels left.
You didn't know any spells.
Your spell library contained the following spells:

 Spells                   Type           Power      Damage    Failure   Level
 Sandblast                Erth           0%         2d4       30%         1
 Sting                    Tmut/Pois      0%         1d3       30%         1
 Passwall                 Tmut/Erth      0%         N/A       43%         2
 Poisonous Vapours        Pois/Air       0%         N/A       43%         2
 Stone Arrow              Conj/Erth      0%         3d7       67%         3
 Olgreb's Toxic Radiance  Pois           0%         N/A       97%         4
 Summon Forest            Summ/Tloc      0%         N/A       100%        5
 Eringya's Noxious Bog    Tmut/Pois      0%         N/A       100%        6
 Summon Hydra             Summ           0%         N/A       100%        7


Dungeon Overview and Level Annotations

Branches:
Dungeon (6/15)             Temple (0/1) D:5

Altars:
Vehumet


Innate Abilities, Weirdness & Mutations

You can breathe blasts of fire.
Your fiery red scales are hard. (AC +6)
You cannot fit into any form of body armour.
Your flesh is heat resistant. (rF+)
You are cold-blooded and may be slowed by cold attacks.
You have a pair of small antennae on your head.
Your spells are a little easier to cast, but a little less powerful.


Message History

Lugonu accepts your kill. The orc hits you with a +0 flail.
You closely miss the orc.
The orc is heavily wounded.
An ogre comes into view. It is wielding a +0 giant club.
The orc barely misses you.
Unknown command.
You hit the orc but do no damage.
The orc is heavily wounded.
The orc hits you but does no damage.
Unknown command.
You hit the orc.
Your tail-slap misses the orc.
The orc is severely wounded.
The orc misses you.
Unknown command.
You closely miss the orc.
The orc is severely wounded.
The orc hits you but does no damage.
Unknown command.
You hit the orc but do no damage.
Your tail-slap misses the orc.
The orc is severely wounded.
You hit the ogre but do no damage. The ogre misses you.
The orc hits you with a +0 flail!
Unknown command.
Unknown command.
You hit the ogre. You tail-slap the ogre.
The ogre is moderately wounded.
You barely miss the orc. The orc hits you but does no damage.
The ogre hits you with a +0 giant club!!
* * * LOW HITPOINT WARNING * * *
Unknown command.
Okay, then.
Press: ? - help, Shift-Dir - straight line, f - ogre
Aim: an ogre, wielding a +0 giant club (moderately wounded, chance to affect: 81%)
You fail to use your ability.
The orc misses you.
Unknown command.
Press: ? - help, Shift-Dir - straight line, f/p - ogre
Aim: an ogre, wielding a +0 giant club (moderately wounded, chance to affect: 81%)
You fail to use your ability.
The ogre hits you with a +0 giant club!
You die...

# # # #
#####
##### #
..... ....
#
......#..#
#
......#.)#
#
......)O)#
. #@.#
#o.# ##.#
##


You could see an ogre and an orc.

Vanquished Creatures
  Eustachio (D:4)
  A centaur (D:5)
  A phantom (D:2)
  A kobold brigand (D:4)
  A hound (D:5)
  2 orc priests (D:5)
  An iguana (D:3)
  Robin (D:3)
  3 gnolls (D:3)
  4 adders
  2 ufetubi (D:4)
  A worm (D:4)
  2 dart slugs (D:4)
  4 orcs
  10 ball pythons
  4 bats
  5 endoplasms
  2 giant cockroaches
  14 goblins
  2 hobgoblins
  4 jackals (D:1)
  3 quokkas
  A frilled lizard (D:1)
  27 kobolds
  6 rats
103 creatures vanquished.

Vanquished Creatures (others)
  A goblin (D:3)
  23 plants (D:4)
24 creatures vanquished.

Grand Total: 127 creatures vanquished

Notes
Turn   | Place    | Note
-------+----------+-------------------------------------------
     0 | Abyss:1  | xian the Draconian Abyssal Knight began the quest for the
                  | Orb.
     0 | Abyss:1  | Reached XP level 1. HP: 19/19 MP: 2/2
     9 | Abyss:1  | Found a corrupted altar of Lugonu.
    81 | Abyss:1  | Noticed a wretched star
    88 | D:1      | Escaped the Abyss
   307 | D:1      | Reached ** piety under Lugonu
   480 | D:1      | Reached XP level 2. HP: 25/27 MP: 3/3
  1008 | D:1      | Reached XP level 3. HP: 32/33 MP: 4/4
  1020 | D:1      | Found a faded altar of an unknown god.
  1827 | D:2      | Noticed a phantom
  1844 | D:2      | Killed a phantom
  1845 | D:2      | Reached skill level 1 in Stealth
  1845 | D:2      | Reached XP level 4. HP: 27/40 MP: 4/6
  2243 | D:3      | Noticed Robin
  2266 | D:3      | Reached *** piety under Lugonu
  2270 | D:3      | Reached XP level 5. HP: 8/46 MP: 7/7
  2278 | D:3      | Gained mutation: You have a pair of small antennae on your
                  | head. [potion of mutation]
  2278 | D:3      | Gained mutation: Your spells are a little easier to cast,
                  | but a little less powerful. [potion of mutation]
  2283 | D:3      | Killed Robin
  2822 | D:3      | Found a radiant altar of Vehumet.
  3455 | D:4      | Noticed Eustachio
  3480 | D:4      | Killed Eustachio
  3481 | D:4      | Reached skill level 1 in Throwing
  3481 | D:4      | Reached XP level 6. HP: 31/53 MP: 8/8
  3721 | D:4      | You fall into a shaft and drop 2 floors!
  3738 | D:5      | Entered Level 5 of the Dungeon
  3915 | D:5      | Found a staircase to the Ecumenical Temple.
  4342 | D:4      | Your scales start taking on a fiery red colour.
  4342 | D:4      | Reached XP level 7. HP: 49/60 MP: 9/9
  4342 | D:4      | Gained mutation: Your flesh is heat resistant. (rF+) [Red
                  | Draconian growth]
  5509 | D:5      | Slain by an ogre

Illustrated notes

Levels and vault maps discovered:
D:1:      psy_arrival_terrarium, layout_basic, ebering_ecumenical_altar_rust
D:2:      layout_basic
D:3:      layout_loops_corners, old_standard_altar, uniq_robin
D:4:      kennysheep_kobold_camp, layout_layer_cave, kennysheep_small_spiral,
          hangedman_decor_clover_reticule, uniq_eustachio
D:5:      layout_gridville, minmay_temple_entry_proselytizer
D:6:      layout_rooms, nicolae_ashenzari_skybound, minmay_bent, uniq_edmund

Skill      XL: |  1  2  3  4  5  6  7 |
---------------+----------------------+-----
Fighting       | 4 |  4.8
Axes           | 3 4 |  4.7
Stealth        | 1 |  1.9
Dodging        | 3 |  3.8
Invocations    | 3 4 |  4.1
Throwing       | 1 |  1.5

Action                   |  1- 3 |  4- 6 |  7- 9 || total
-------------------------+-------+-------+-------++-------
Melee: Hand axe          |    89 |   113 |    63 ||   265
       Tailslap          |    10 |    18 |    19 ||    47
       Punch             |       |     2 |       ||     2
Throw: Stone             |       |    43 |       ||    43
       Dart              |       |     9 |     1 ||    10
Invok: Depart the Abyss  |     1 |       |       ||     1
 Abil: Breathe Fire      |       |       |     7 ||     7
  Use: Potion            |       |     6 |       ||     6
 Stab: Sleeping          |     1 |     1 |       ||     2
Armor: Skin              |    42 |    93 |    29 ||   164
Dodge: Dodged            |    72 |   113 |    29 ||   214
